 Dungeon Crawl Stone Soup version 0.19-a0-459-gb8ed64d (webtiles) character file.

18558 ololoev the Destroyer (level 12, -9/61 HPs)
             Began as a Deep Elf Fire Elementalist on June 2, 2016.
             Was the Champion of Sif Muna.
             Mangled by a swamp drake (12 damage)
             ... on level 4 of the Lair of Beasts.
             The game lasted 00:45:37 (4099 turns).

ololoev the Destroyer (Deep Elf Fire Elementalist)  Turns: 4099, Time: 00:45:38

Health: -9/61      AC:  6    Str:  5    XL:     12   Next: 28%
Magic:  1/30       EV: 14    Int: 26    God:    Sif Muna [******]
Gold:   372        SH:  0    Dex: 15    Spells: 10 memorised, 6 levels left

rFire  . . .     SeeInvis +     g - +2 spear (venom)
rCold  . . .     Gourm    .     a - +0 robe
rNeg   . . .     Faith    .     (no shield)
rPois  .         Spirit   .     f - +0 helmet
rElec  .         Dismiss  .     F - +2 cloak
rCorr  .         Reflect  .     (no gloves)
SustAt .         Harm     .     (no boots)
MR     +....                    (no amulet)
Stlth  ++........               (no ring)
                                i - ring of see invisible

@: delayed fireball, somewhat resistant to hostile enchantments, unstealthy
A: no striking features
a: Channel Energy, Forget Spell, Renounce Religion, Release Delayed Fireball

Inventory:

Hand Weapons
 g - a +2 spear of venom (weapon)
Missiles
 w - 3 throwing nets (quivered)
Armour
 a - a +0 robe (worn)
 f - a +0 helmet (worn)
 F - a +2 cloak (worn)
Jewellery
 i - a ring of see invisible (left hand)
Wands
 v - a wand of iceblast (1/15)
 y - a wand of teleportation (1/9)
 E - a wand of confusion (23/48)
Scrolls
 d - a scroll of torment {unknown}
 h - a scroll of random uselessness {unknown}
 j - a scroll of magic mapping {unknown}
 n - a scroll of amnesia {unknown}
 p - 2 scrolls of blinking {unknown}
 t - 2 scrolls of fear {unknown}
 u - 2 scrolls of recharging {unknown}
 C - 2 scrolls of vulnerability {unknown}
 G - 2 scrolls of enchant armour {unknown}
 I - 2 scrolls of teleportation {unknown}
 K - a scroll of summoning {unknown}
Potions
 b - a potion of resistance {unknown}
 o - a potion of mutation {unknown}
 q - 2 potions of lignification
 r - a potion of flight
 s - 2 potions of agility {unknown}
 x - 2 potions of cure mutation
Books
 H - Wiahil's Compendium of Destructive Calling
   (Sif Muna gifted it to you on level 2 of the Lair of Beasts)

   Spells                             Type                      Level
   a - Searing Ray                    Conjuration                  2
   b - Throw Frost                    Conjuration/Ice              2
   c - Dazzling Spray                 Conjuration/Hexes            3
   d - Call Canine Familiar           Summoning                    3
   e - Bolt of Cold                   Conjuration/Ice              6
   f - Fire Storm                     Conjuration/Fire             9
Miscellaneous
 z - a lamp of fire (inert)
 A - a box of beasts
Comestibles
 c - 2 bread rations
 k - 17 royal jellies
 l - 3 beef jerkies
 m - a slice of pizza
 B - 3 fruits
 D - 8 chunks of flesh


   Skills:
 + Level 1.4 Fighting
 + Level 3.4 Dodging
 - Level 2.4 Stealth
 * Level 12.0 Spellcasting
 * Level 13.3 Conjurations
 - Level 3.7 Translocations
 * Level 10.8 Fire Magic
 + Level 9.1 Invocations


You had 6 spell levels left.
You knew the following spells:

 Your Spells              Type           Power        Failure   Level  Hunger
a - Flame Tongue          Conj/Fire      #####        1%          1    None
b - Conjure Flame         Conj/Fire      ######..     1%          3    None
c - Sticky Flame          Conj/Fire      ######..     1%          4    None
d - Fireball              Conj/Fire      ######....   1%          5    ###....
e - Inner Flame           Hex/Fire       #####...     1%          3    None
f - Searing Ray           Conj           ######       1%          2    None
g - Bolt of Fire          Conj/Fire      ######....   4%          6    #####..
k - Blink                 Tloc           N/A          1%          2    None
p - Apportation           Tloc           #####.....   1%          1    None
q - Delayed Fireball      Conj/Fire      N/A          24%         7    ######.


You were on level 4 of the Lair of Beasts.
You worshipped Sif Muna.
Sif Muna was exalted by your worship.
You were very hungry.

You visited 3 branches of the dungeon, and saw 16 of its levels.

You collected 372 gold pieces.

# ## #.## ###### ###
.###.#####.#.#.#.#..##########.##
.............%..@k...Y...........
...........#######.....#P.+..##..
............###P##.....##§§####§.
#..........##...#......#.....##§§
#.PP.......#...........'.....+.k§
..P........#..................#..
...#............#......##........
....>......P#...##.....#.####....
..#..:.....##...##......#k§.k#P..

Notes
Turn   | Place    | Note
--------------------------------------------------------------
     0 | D:1      | ololoev the Deep Elf Fire Elementalist began the quest for the Orb.
     0 | D:1      | Reached XP level 1. HP: 10/10 MP: 6/6
   123 | D:1      | Reached XP level 2. HP: 11/15 MP: 6/8
   124 | D:1      | jacquesderrida: так так што тут у нас
   126 | D:2      | jacquesderrida: ахахах
   179 | D:2      | Reached skill level 2 in Conjurations
   213 | D:3      | Reached XP level 3. HP: 19/19 MP: 6/10
   218 | D:3      | Learned a level 3 spell: Conjure Flame
   222 | D:3      | Learned a level 3 spell: Inner Flame
   259 | D:5      | Entered Level 5 of the Dungeon
   262 | D:4      | Noticed Natasha
   267 | D:4      | Killed Natasha
   267 | D:4      | Reached skill level 3 in Conjurations
   336 | D:4      | Noticed Eustachio
   347 | D:4      | Killed Eustachio
   347 | D:4      | Reached skill level 4 in Conjurations
   347 | D:4      | Reached XP level 4. HP: 13/24 MP: 9/12
   347 | D:4      | Reached XP level 5. HP: 15/28 MP: 9/13
   349 | D:4      | Noticed Natasha
   352 | D:4      | Killed Natasha
   358 | D:4      | Learned a level 4 spell: Sticky Flame
   400 | D:4      | Noticed Natasha
   543 | D:4      | Found a staircase to the Ecumenical Temple.
   559 | D:4      | Killed Natasha
   574 | Temple   | Entered the Ecumenical Temple
   621 | Temple   | Became a worshipper of Sif Muna the Loreminder
   643 | D:4      | Reached XP level 6. HP: 24/32 MP: 10/15
   760 | D:6      | Noticed a water moccasin
   768 | D:6      | Killed a water moccasin
   768 | D:6      | Reached skill level 5 in Spellcasting
   768 | D:6      | Reached skill level 5 in Conjurations
   768 | D:6      | Reached skill level 1 in Invocations
   852 | D:7      | Found Foetiddo's Book Shoppe.
   917 | D:7      | Reached skill level 5 in Fire Magic
   989 | D:6      | Reached XP level 7. HP: 36/36 MP: 2/17
  1087 | D:7      | Reached * piety under Sif Muna
  1158 | D:7      | Found a snail-covered altar of Cheibriados.
  1158 | D:7      | Found a white marble altar of Elyvilon.
  1210 | D:7      | Noticed Menkaure
  1217 | D:7      | Killed Menkaure
  1217 | D:7      | Reached skill level 6 in Conjurations
  1224 | D:7      | Learned a level 5 spell: Fireball
  1385 | D:7      | Found an oddly glowing altar of Pakellas.
  1385 | D:7      | Found Pakellas's Prime Provisions.
  1396 | D:7      | You fall through a shaft for 3 floors!
  1396 | D:10     | Entered Level 10 of the Dungeon
  1462 | D:10     | Noticed a hill giant
  1474 | D:10     | Killed a hill giant
  1474 | D:10     | Reached ** piety under Sif Muna
  1474 | D:10     | Reached skill level 7 in Conjurations
  1474 | D:10     | Reached XP level 8. HP: 41/41 MP: 8/20
  1476 | D:10     | jacquesderrida: bambanoolo
  1800 | D:9      | Reached skill level 8 in Conjurations
  1807 | D:9      | jacquesderrida: ebat
  1832 | D:9      | Reached XP level 9. HP: 41/45 MP: 7/22
  1855 | D:9      | Found a staircase to the Lair.
  1966 | Lair:1   | Entered Level 1 of the Lair of Beasts
  1982 | Lair:1   | Reached skill level 5 in Invocations
  2059 | Lair:1   | Learned a level 1 spell: Apportation
  2062 | Lair:1   | Learned a level 2 spell: Blink
  2082 | Lair:1   | Reached *** piety under Sif Muna
  2101 | Lair:1   | Reached skill level 9 in Conjurations
  2248 | Lair:1   | jacquesderrida: pezdonoolo
  2290 | Lair:1   | Found a shattered altar of Ashenzari.
  2296 | Lair:1   | Noticed a spiny frog
  2297 | Lair:1   | Noticed a komodo dragon
  2297 | Lair:1   | Noticed a komodo dragon
  2306 | Lair:1   | Killed a spiny frog
  2346 | Lair:1   | Reached **** piety under Sif Muna
  2346 | Lair:1   | Reached skill level 10 in Conjurations
  2347 | Lair:1   | Noticed a spiny frog
  2414 | Lair:1   | Noticed Urug
  2420 | Lair:1   | Noticed a spiny frog
  2420 | Lair:1   | Killed Urug
  2420 | Lair:1   | Reached XP level 10. HP: 45/50 MP: 10/25
  2425 | Lair:1   | Killed a spiny frog
  2442 | Lair:1   | Reached ***** piety under Sif Muna
  2498 | Lair:2   | Found a radiant altar of Vehumet.
  2498 | Lair:2   | Noticed an oklob plant
  2632 | Lair:1   | Noticed a spiny frog
  2647 | Lair:1   | Killed a spiny frog
  2647 | Lair:1   | Reached skill level 11 in Conjurations
  2657 | Lair:1   | Killed a spiny frog
  2725 | Lair:1   | Reached skill level 10 in Spellcasting
  2817 | Lair:1   | jacquesderrida: noo che tut kogda DUPZ
  2820 | Lair:1   | ololoev: не скоро
  2820 | Lair:1   | ololoev: пока спидран
  2820 | Lair:1   | jacquesderrida: :sed:
  2839 | Lair:2   | jacquesderrida: ebat 2800
  2843 | Lair:2   | jacquesderrida: NAIS
  2868 | Lair:2   | Noticed a four-headed hydra
  2873 | Lair:2   | Killed a four-headed hydra
  2961 | Lair:2   | Reached XP level 11. HP: 51/54 MP: 8/27
  3098 | Lair:2   | Reached ****** piety under Sif Muna
  3100 | Lair:2   | Received a gift from Sif Muna
  3101 | Lair:2   | Identified Wiahil's Compendium of Destructive Calling (Sif Muna gifted it to you on level 2 of the Lair of Beasts)
  3105 | Lair:2   | Learned a level 2 spell: Searing Ray
  3146 | Lair:3   | Reached skill level 12 in Conjurations
  3409 | Lair:4   | Noticed Rupert
  3417 | Lair:4   | Paralysed by Rupert for 7 turns
  3427 | Lair:4   | Found a staircase to the Swamp.
  3436 | Lair:4   | Noticed a death yak
  3437 | Lair:4   | Noticed a death yak
  3438 | Lair:4   | Noticed a death yak
  3439 | Lair:4   | Noticed a death yak
  3440 | Lair:4   | Reached skill level 1 in Translocations
  3440 | Lair:4   | Killed a death yak
  3440 | Lair:4   | Killed a death yak
  3440 | Lair:4   | Reached skill level 10 in Fire Magic
  3441 | Lair:4   | Noticed a death yak
  3442 | Lair:4   | Noticed a death yak
  3489 | Lair:3   | Learned a level 7 spell: Delayed Fireball
  3657 | Lair:3   | Learned a level 6 spell: Bolt of Fire
  3737 | Lair:3   | Noticed a four-headed hydra
  3740 | Lair:3   | Killed a four-headed hydra
  3740 | Lair:3   | Received a gift from Sif Muna
  3740 | Lair:3   | Reached skill level 13 in Conjurations
  3872 | Lair:5   | Noticed a six-headed hydra
  3876 | Lair:5   | Killed a six-headed hydra
  3876 | Lair:5   | Reached XP level 12. HP: 59/59 MP: 11/29
  3928 | Lair:4   | Reached skill level 1 in Fighting
  4033 | Lair:4   | Killed a death yak
  4050 | Lair:4   | Killed a death yak
  4071 | Lair:4   | Killed a death yak
  4095 | Lair:4   | HP: 2/61 [swamp drake] (2)]
  4099 | Lair:4   | Mangled by a swamp drake

Dungeon Overview and Level Annotations

Branches:
Dungeon (10/15)            Temple (1/1) D:4            Lair (5/8) D:9
  Swamp (0/4) Lair:4
  Snake: Lair:3-6    Spider: Lair:3-6       Orc: D:9-12

Altars:
Ashenzari
Cheibriados
Dithmenos
Elyvilon
Fedhas
Gozag
Makhleb
Nemelex Xobeh
Pakellas
Sif Muna
Vehumet
Zin

Shops:
D:7 }:

Annotations:
Lair:2 exclusion: oklob plant
Lair:4 Rupert


Message History

Aiming: Sticky Flame
Press: ? - help, Shift-Dir - straight line, f/p - death yak
Aim: a death yak (severely wounded, covered in liquid flames)
The sticky flame hits the death yak.
The death yak is severely wounded.
The death yak is covered in liquid flames!
The death yak burns!
The death yak gores you!
The death yak burns!
The death yak burns!
The death yak burns!
The swamp drake breathes noxious fumes at you.
The noxious blast engulfs the death yak.
The death yak is engulfed in noxious fumes.
The death yak appears confused.
The death yak burns!
You kill the death yak!
Your Spellcasting skill increases to level 12!
The swamp drake breathes noxious fumes at you.
The noxious blast engulfs the death yak.
The death yak is engulfed in noxious fumes.
Use which ability? (? or * to list)
You channel some magical energy.
You are feeling very hungry.
The death yak is engulfed in noxious fumes.
The death yak gores you!!
Unknown command.
The death yak is engulfed in noxious fumes.
The swamp drake breathes noxious fumes at you.
The noxious blast engulfs the death yak.
You are engulfed in noxious fumes.
You choke on the stench!
You are confused.
The death yak is engulfed in noxious fumes.
The death yak is engulfed in noxious fumes.
Okay, then.
You feel less confused.
The swamp drake breathes noxious fumes at you.
The noxious blast engulfs the death yak.
The death yak is engulfed in noxious fumes.
The death yak barely misses you.
You are engulfed in noxious fumes.
You choke on the stench!
You are confused.
The death yak is engulfed in noxious fumes.
The death yak appears confused.
Found a beef jerky.
You bump into the rock wall.
You are engulfed in noxious fumes.
The death yak is engulfed in noxious fumes.
The death yak appears confused.
The death yak gores you!
You feel less confused.
Casting: Sticky Flame
Confirm with . or Enter, or press ? or * to list all spells.
Aiming: Fireball
Press: ? - help, Shift-Dir - straight line The fireball explodes!
The fireball engulfs the death yak.
The death yak is moderately wounded.
The fireball engulfs the swamp drake.
The swamp drake is severely wounded.
The swamp drake breathes noxious fumes at you.
The noxious blast misses you.
Unknown command.
Unknown command.
You are engulfed in noxious fumes.
You choke on the stench!
You are confused.
You are engulfed in noxious fumes.
You choke on the stench!
You are more confused.
Okay, then.
You're too confused to cast spells.
There isn't anything here!
Unknown command.
You feel less confused.
Casting: Fireball
Confirm with . or Enter, or press ? or * to list all spells.
Aiming: Sticky Flame
Press: ? - help, Shift-Dir - straight line, f - swamp drake
Aim: a swamp drake (heavily wounded)
The sticky flame hits the swamp drake.
The swamp drake is severely wounded.
The swamp drake is covered in liquid flames!
The swamp drake burns!
The death yak seems less confused.
The swamp drake bites you!
You die...

You could see a death yak and a swamp drake (burning).

Vanquished Creatures
  3 hydras
  5 death yaks (Lair:4)
  Urug (Lair:1)
  A hill giant (D:10)
  7 spiny frogs
  A rime drake (Lair:4)
  6 komodo dragons
  A queen bee (Lair:3)
  4 blink frogs (Lair:2)
  14 yaks
  A wyvern (Lair:4)
  A basilisk (Lair:2)
  Eustachio (D:4)
  3 hippogriffs
  Menkaure (D:7)
  A hell hound (D:9)
  5 water moccasins
  4 porcupines
  An orc warrior (D:8)
  An ice beast (D:7)
  2 black bears
  3 ogres
  3 wolves (Lair:1)
  A centaur (D:7)
  4 crocodiles
  A big kobold (D:10)
  7 giant frogs
  A wyvern skeleton (D:10)
  2 scorpions
  23 killer bees (Lair:3)
  A crimson imp (D:7)
  A giant frog skeleton (D:7)
  A hound (D:9)
  A jelly (D:9)
  2 orc wizards
  6 iguanas
  Natasha (thrice) (D:4)
  A hound skeleton (D:7)
  3 gnolls
  25 river rats
  3 adders
  3 worms (D:4)
  10 orcs
  2 giant cockroaches
  A goblin (D:1)
  A hobgoblin (D:4)
  5 jackals
  A quokka (D:7)
  A bat (D:2)
  6 kobolds (D:10)
  A quokka zombie (D:7)
  2 rats
  2 fungi
  20 plants (Lair:1)
211 creatures vanquished.

Vanquished Creatures (others)
  A giant frog (Lair:4)
  5 fungi
  11 plants
17 creatures vanquished.

Grand Total: 228 creatures vanquished

Action                   |  1- 3 |  4- 6 |  7- 9 | 10-12 || total
-------------------------+-------+-------+-------+-------++-------
Melee: Spear             |    18 |    21 |     8 |       ||    47
       Unarmed           |     3 |       |       |       ||     3
 Cast: Flame Tongue      |    25 |    25 |   101 |    54 ||   205
       Sticky Flame      |       |     4 |    13 |    31 ||    48
       Conjure Flame     |       |     6 |     6 |     4 ||    16
       Inner Flame       |       |       |     9 |    17 ||    26
       Fireball          |       |       |    12 |    65 ||    77
       Apportation       |       |       |       |     4 ||     4
       Blink             |       |       |       |     4 ||     4
       Delayed Fireball  |       |       |       |     1 ||     1
Invok: Channel Energy    |       |       |    76 |   141 ||   217
Evoke: Wand              |       |       |     3 |     3 ||     6
       Lamp of fire      |       |       |       |     1 ||     1
  Use: Scroll            |       |       |     6 |     3 ||     9
       Potion            |       |       |       |     5 ||     5
 Stab: Sleeping          |     1 |       |       |       ||     1
  Eat: Chunk             |       |     1 |    11 |    22 ||    34
       Fruit             |       |       |     2 |       ||     2
       Bread ration      |       |       |     1 |       ||     1
       Meat ration       |       |       |     1 |     2 ||     3
Armor: Robe              |     8 |     3 |     1 |     5 ||    17
       Skin              |       |       |       |     1 ||     1
Dodge: Dodged            |    14 |    12 |    35 |    30 ||    91

Vault maps used:
D:1:      evilmike_arrival_hilbert_curve, minmay_misc_feat_columns
D:2:      old_standard_altar
D:3:      first_bread, hangedman_decor_points, minmay_door_square
D:4:      kennysheep_mini_moat, minmay_temple_entry_junction, item_on_display_a,
          uniq_eustachio, uniq_natasha
D:5:      tso_altar, serial_shops, nicolae_shop_crystal
D:6:      lemuel_coloured_pillars_altar, serial_park_tiny_1
D:7:      old_standard_altar, lemuel_doored_altar,
          gammafunk_temple_overflow_pools, johnstein_pakellas_shop,
          serial_shops, shop_statue, uniq_menkaure
D:8:      nicolae_overflow_hidden_temple
D:9:      minmay_lair_entry_lava, hangedman_tell_no_tales
D:10:     kennysheep_steamy
Temple:   zaba_magenta_temple_8
Lair:1:   wad_woods_stonehenge, serial_bayou_shore_b, uniq_urug
Lair:2:   lemuel_oklob_altar
Lair:4:   minmay_swamp_entry_reptiles, grunt_megastairs_5, uniq_rupert
